 Dungeon Crawl Stone Soup version 0.23-a0-275-g0cf4261 (webtiles) character file.

5033 MisterFreud the Grappler (level 10, -6/88 HPs)
             Began as a Troll Monk on Oct 2, 2018.
             Was a Believer of Qazlal.
             Mangled by a spiny frog (21 damage)
             ... on level 1 of the Lair of Beasts.
             The game lasted 00:15:22 (8369 turns).

MisterFreud the Grappler (Troll Monk)               Turns: 8369, Time: 00:15:23

Health: -6/88      AC:  7    Str: 21    XL:     10   Next: 30%
Magic:  13/13      EV: 15    Int:  6    God:    Qazlal [**....]
Gold:   408        SH:  3    Dex: 15    Spells: 9/9 levels left

rFire    . . .     SeeInvis .     - Unarmed
rCold    . . .     Gourm    +   (no shield)
rNeg     . . .     Faith    .   p - +2 robe {MR+}
rPois    .         Spirit   .   (helmet restricted)
rElec    .         Reflect  .   (no cloak)
rCorr    +         Harm     .   (gloves unavailable)
MR       ++...                  (boots unavailable)
Stlth    +.........             J - amulet of regeneration
HPRegen  1.04/turn              H - ring of protection from magic
MPRegen  0.13/turn              K - ring of resist corrosion

@: no status effects
A: large, unfitting armour, claws 3, fast metabolism 3, gourmand, regeneration
1, shaggy fur 1, tough skin 2
a: Upheaval, Renounce Religion


You were on level 1 of the Lair of Beasts.
You worshipped Qazlal.
Qazlal was pleased with you.
You were not hungry.

You visited 3 branches of the dungeon, and saw 12 of its levels.
You also visited: Sewer.

You collected 408 gold pieces.

Inventory:

Missiles
 e - a throwing net (quivered)
 g - 339 stones
 q - 90 sling bullets
 B - 4 javelins of returning
 I - 8 javelins
Armour
 a - a +0 robe
 p - a +2 robe of magic resistance (worn)
 u - a cursed +0 robe
 D - a +0 shield
 G - a +0 robe of the Archmagi
Jewellery
 s - an uncursed ring of ice
 H - a ring of protection from magic (left claw)
 J - an amulet of regeneration (around neck)
 K - a ring of resist corrosion (right claw)
 L - a +3 amulet of reflection {unknown}
Wands
 j - a wand of polymorph (11)
 y - a wand of flame (63)
 z - a wand of paralysis (14)
 F - a wand of random effects (16)
Scrolls
 d - a scroll of noise {unknown}
 i - 2 scrolls of magic mapping
 k - 2 scrolls of amnesia {unknown}
 l - 5 scrolls of remove curse
 m - 4 scrolls of teleportation
 n - a scroll of enchant weapon {unknown}
 r - a scroll of blinking {unknown}
 t - a scroll of immolation {unknown}
 E - a scroll of brand weapon {unknown}
Potions
 c - 5 potions of curing
 f - a potion of resistance
 h - 5 potions of flight
 o - a potion of mutation {unknown}
 v - 2 potions of haste
 w - a potion of heal wounds
 x - a potion of invisibility
 A - 4 potions of lignification
 C - 2 potions of degeneration {unknown}
Comestibles
 b - 35 rations


   Skills:
 - Level 2.4 Fighting
 + Level 7.9 Dodging
 - Level 1.0 Stealth
 - Level 10.0 Unarmed Combat
 - Level 6.0 Evocations


You had 9 spell levels left.
You didn't know any spells.
Your spell library contained the following spells:

 Spells                   Type           Power        Failure   Level  Hunger
 Beastly Appendage        Tmut           #.....       45%         1    ##.....
 Sticks to Snakes         Tmut           #.......     58%         2    ###....
 Spider Form              Tmut/Pois      #.........   83%         3    ####...
 Ice Form                 Ice/Tmut       #.......     99%         4    #####..
 Blade Hands              Tmut           #.........   100%        5    ######.


Dungeon Overview and Level Annotations

Branches:
Dungeon (10/15)            Temple (1/1) D:7            Lair (1/6) D:8
    Orc (0/2) D:9

Altars:
Ashenzari
Cheibriados
Dithmenos
Elyvilon
Fedhas
Gozag
Hepliaklqana
Kikubaaqudgha
Makhleb
Nemelex Xobeh
Qazlal
Ru
Sif Muna
Trog
Uskayaw
Vehumet
Wu Jian
Xom
Yredelemnul
Zin
The Shining One

Shops:
D:4 :   D:6 (

Annotations:
D:6 3 runed doors, DapperDogman's ghost, amateur MiFi; zapotec's ghost, novice GrEE


Innate Abilities, Weirdness & Mutations

You are too large for most types of armour.
You have claws for hands.
Your metabolism is lightning-fast.
You like to eat raw meat.
Your natural rate of healing is unusually fast.
You are covered in fur. (AC +1)
You have very tough skin. (AC +2)


Message History

The spiny frog stings you!!
You scratch the spiny frog but do no damage.
The spiny frog is lightly wounded.
The spiny frog stings you!
You are poisoned.
The spiny frog poisons you!
You are too injured to fight recklessly!
You are too injured to fight recklessly!
You barely miss the spiny frog.
The spiny frog is lightly wounded.
You feel sick. The spiny frog stings you!!
* * * LOW HITPOINT WARNING * * *
You feel sick.
You feel much better.
You feel sick. The spiny frog barely misses you. The spiny frog stings you!
* * * LOW HITPOINT WARNING * * *
You are lethally poisoned!
The spiny frog poisons you!
You feel better. The spiny frog stings you!!
You die...

###.# #... ##....###
##>#. ......).. #..##
#......###...# #
#........(#. #.
#.##.##.###. #. ###
#..#..#.####
#.##..#.######...........
....$..F@..##P.##.##.##P#
##.####.#$####.##.##.#
###.###P.......### #
#...........P..... #.##
#..####.#...##.###
.....##..#.#....#.# #
#..............###
#....#..#P#...##
#.#.....#####P#


You could see a spiny frog.

Vanquished Creatures
  A spiny frog (Lair:1)
  A troll (D:10)
  Eustachio (D:5)
  A yak (D:10)
  A water moccasin (Lair:1)
  Duvessa (D:6)
  3 porcupines (Lair:1)
  A black bear (D:7)
  An ice beast (D:5)
  3 phantoms
  A sky beast (D:6)
  A necrophage (D:10)
  2 ogres
  4 centaurs
  A crocodile (Lair:1)
  4 big kobolds
  A bullfrog (Lair:1)
  Dowan (D:6)
  4 scorpions
  14 killer bees
  3 wights (D:9)
  3 crimson imps
  2 bullfrog zombies (D:5)
  A jelly (D:8)
  4 orc priests
  2 bullfrog skeletons
  5 hounds
  6 orc wizards
  Jessica (D:2)
  4 worker ants
  A hound skeleton (D:5)
  A worker ant zombie (D:8)
  11 gnolls
  2 river rats
  12 adders
  2 shadow imps
  2 oozes
  An adder skeleton (D:5)
  2 worms (D:3)
  3 dart slugs
  10 leopard geckos
  15 orcs
  A ball python (D:6)
  2 bats (D:1)
  8 giant cockroaches
  16 goblins
  8 hobgoblins
  5 jackals
  16 kobolds
  2 quokkas
  3 frilled lizards
  A jackal skeleton (D:4)
  A quokka skeleton (D:9)
  A quokka zombie (D:5)
  10 rats
214 creatures vanquished.

Notes
Turn   | Place    | Note
-------+----------+-------------------------------------------
     0 | D:1      | MisterFreud the Troll Monk began the quest for the Orb.
     0 | D:1      | Reached XP level 1. HP: 22/22 MP: 0/0
   110 | D:1      | Reached XP level 2. HP: 29/29 MP: 1/1
   205 | D:1      | Reached skill level 4 in Unarmed Combat
   656 | D:1      | Reached XP level 3. HP: 36/36 MP: 2/2
  1516 | D:2      | Noticed Jessica
  1523 | D:2      | Killed Jessica
  1523 | D:2      | Reached skill level 5 in Unarmed Combat
  1523 | D:2      | Reached XP level 4. HP: 13/44 MP: 3/3
  2060 | D:3      | Reached XP level 5. HP: 50/50 MP: 4/4
  2375 | D:4      | Reached skill level 6 in Unarmed Combat
  2754 | D:4      | Found Wanithoh's Book Boutique.
  3092 | D:5      | Entered Level 5 of the Dungeon
  3095 | D:5      | Reached XP level 6. HP: 59/59 MP: 5/5
  3162 | D:5      | Found a sparkling altar of Nemelex Xobeh.
  3181 | D:5      | Reached skill level 7 in Unarmed Combat
  3269 | D:5      | Reached skill level 8 in Unarmed Combat
  3269 | D:5      | Reached XP level 7. HP: 66/66 MP: 6/6
  3484 | D:5      | Reached skill level 9 in Unarmed Combat
  3690 | D:5      | Noticed Eustachio
  3700 | D:5      | Killed Eustachio
  3786 | D:5      | Reached XP level 8. HP: 74/74 MP: 7/7
  3902 | D:6      | Found a runed gate.
  3922 | D:6      | Found a glowing drain.
  3926 | Sewer    | Entered a sewer
  3992 | Sewer    | Reached skill level 10 in Unarmed Combat
  4029 | Sewer    | Found a white marble altar of Elyvilon.
  4244 | D:6      | Reached skill level 1 in Evocations
  4323 | D:6      | Noticed Dowan
  4324 | D:6      | Noticed Duvessa
  4336 | D:6      | Killed Duvessa
  4360 | D:6      | Killed Dowan
  4734 | D:6      | Found a runed gate.
  4735 | D:6      | Found a runed gate.
  4742 | D:6      | Noticed zapotec's ghost (novice GrEE)
  4905 | D:6      | Found Vakygaz's Antique Weapon Shoppe.
  4960 | D:6      | Noticed DapperDogman's ghost (amateur MiFi)
  5000 | D:7      | Found a deep blue altar of Sif Muna.
  5050 | D:7      | Found a hazy altar of Hepliaklqana.
  5166 | D:6      | Reached skill level 5 in Evocations
  5166 | D:6      | Reached XP level 9. HP: 42/80 MP: 11/11
  5409 | D:7      | Found a hide-covered altar of Uskayaw.
  5459 | D:7      | Found a staircase to the Ecumenical Temple.
  5467 | Temple   | Entered the Ecumenical Temple
  5970 | D:8      | Found a shimmering altar of Xom.
  5981 | D:8      | Found a glowing golden altar of the Shining One.
  5981 | D:8      | Found a sacrificial altar of Ru.
  5983 | D:8      | Found a blossoming altar of Fedhas.
  6008 | D:8      | Found a staircase to the Lair.
  6079 | D:8      | Found a stormy altar of Qazlal.
  6190 | D:8      | Became a worshipper of Qazlal Stormbringer
  6190 | D:8      | Reached * piety under Qazlal
  6190 | D:8      | Reached ** piety under Qazlal
  6287 | D:8      | Found a flagged portal.
  6707 | D:9      | Reached skill level 5 in Dodging
  7419 | D:9      | Found a shadowy altar of Dithmenos.
  7429 | D:9      | Found a bloodstained altar of Trog.
  7516 | D:9      | Found a staircase to the Orcish Mines.
  7861 | D:10     | Entered Level 10 of the Dungeon
  7898 | D:10     | Noticed a troll
  7916 | D:10     | Killed a troll
  7929 | D:10     | Reached XP level 10. HP: 66/88 MP: 13/13
  7940 | D:10     | Noticed a two-headed ogre
  8023 | Lair:1   | Entered Level 1 of the Lair of Beasts
  8315 | Lair:1   | Noticed a spiny frog
  8320 | Lair:1   | Killed a spiny frog
  8359 | Lair:1   | Noticed a spiny frog
  8369 | Lair:1   | Mangled by a spiny frog

Vault maps used:
D:1:      evilmike_arrival_hilbert_curve
D:2:      uniq_jessica
D:4:      serial_shops, shop, first_ration
D:5:      nemelex_xobeh_ov_fountains_minmay, minmay_ogre_servants,
          uniq_eustachio
D:6:      gup_sewer_entry_bowl, serial_shops, kennysheep_mini,
          gammafunk_ghost_cemetery, uniq_duvessa
D:7:      nicolae_overflow_crystal_walls, eat_drink_and_be_merry_uskayaw,
          minmay_temple_entry_enclosed_plants, basic_altar
D:8:      minitemple, grunt_qazlal_sundering, lair_entry_dummy, enter_bailey_8
D:9:      nicolae_overflow_hidden_temple, amethyst_overflow_temple_binary,
          orc_0_dummy
D:10:     minmay_the_grid_four_pointed_star
Temple:   minmay_temple_curvy_loop
Sewer:    sewer_kobolds

Skill      XL: |  1  2  3  4  5  6  7  8  9 10 |
---------------+-------------------------------+-----
Unarmed Combat | 4 5 6 8 9 10 | 10.0
Evocations     | 5 6 |  6.0
Dodging        | 6 7 |  7.9
Fighting       | |  2.4
Stealth        | |  1.0

Action                   |  1- 3 |  4- 6 |  7- 9 | 10-12 || total
-------------------------+-------+-------+-------+-------++-------
Melee: Unarmed           |    74 |   111 |   362 |    42 ||   589
       Punch             |       |     4 |    16 |     2 ||    22
  Use: Scroll            |       |       |     9 |       ||     9
       Potion            |       |       |     2 |     3 ||     5
 Stab: Sleeping          |     1 |     1 |     4 |       ||     6
       Distracted        |       |     1 |     2 |       ||     3
  Eat: Chunk             |    13 |    20 |    38 |     3 ||    74
Armor: Robe              |    21 |    33 |   108 |     7 ||   169
       Skin              |       |       |    50 |       ||    50
Dodge: Dodged            |    34 |    42 |   182 |    18 ||   276
Block: Other             |       |       |    14 |     4 ||    18

Table legend:
 A = Non-vault XP
 B = Vault XP
 C = Vault XP percentage of total XP
 D = Non-vault monster count
 E = Vault monster count
 F = Vault count percentage of total count
                 A         B        C        D         E       F
            +---------+---------+-------+---------+---------+-------
      Total |    6038 |    1152 |  16.0 |     185 |      29 |  13.6
            +---------+---------+-------+---------+---------+-------
        D:1 |      46 |       0 |   0.0 |      24 |       0 |   0.0
        D:2 |      49 |      37 |  43.0 |      14 |       1 |   6.7
        D:3 |      74 |       0 |   0.0 |      17 |       0 |   0.0
        D:4 |     172 |       0 |   0.0 |      12 |       0 |   0.0
        D:5 |     736 |     336 |  31.3 |      21 |      10 |  32.3
        D:6 |     634 |     242 |  27.6 |      19 |       5 |  20.8
        D:7 |    1023 |       0 |   0.0 |      24 |       0 |   0.0
        D:8 |     869 |       0 |   0.0 |      25 |       0 |   0.0
        D:9 |     818 |      95 |  10.4 |      19 |       1 |   5.0
       D:10 |     445 |     314 |  41.4 |       3 |       2 |  40.0
     Lair:1 |    1172 |       0 |   0.0 |       7 |       0 |   0.0
      Sewer |       0 |     128 | 100.0 |       0 |      10 | 100.0
            +---------+---------+-------+---------+---------+-------
